 Dungeon Crawl Stone Soup version 0.17.1-3-g152610e (webtiles) character file.

39 Jerry the Gusty (level 3, -6/26 HPs)
             Began as a Draconian Air Elementalist on Mar 28, 2016.
             Killed by nerve-wracking pain
             ... invoked by a shadow imp
             ... summoned by Natasha
              (13 damage)
             ... on level 2 of the Dungeon.
             The game lasted 00:06:01 (1301 turns).

Jerry the Gusty (Draconian Air Elementalist)        Turns: 1301, Time: 00:06:01

Health: -6/26      AC:  5    Str: 10    XL:     3   Next: 26%
Magic:  1/6        EV: 12    Int: 16    God:
Gold:   72         SH:  0    Dex: 11    Spells: 1 memorised, 5 levels left

rFire  . . .     SeeInvis .     e - +0 club
rCold  . . .     Clarity  .     (armour unavailable)
rNeg   . . .     SustAt   .     (no shield)
rPois  .         Gourm    .     (helmet restricted)
rElec  .         Spirit   .     (no cloak)
rCorr  .         Warding  .     (no gloves)
rMut   .         Stasis   .     (no boots)
MR     .....                    (no amulet)
Stlth  ++........               (no ring)
                                (no ring)

@: very slightly contaminated, slowed, very slow, not resistant to hostile
enchantments, unstealthy
A: unfitting armour, cold-blooded, AC +5
a: no special abilities


You were on level 2 of the Dungeon.
You were not hungry.

You visited 1 branch of the dungeon, and saw 2 of its levels.

You collected 72 gold pieces.

Inventory:

Hand Weapons
 e - a +0 club (weapon)
Scrolls
 c - a scroll of recharging {unknown}
 d - a scroll of fog {unknown}
 f - a scroll of immolation {unknown}
 g - a scroll of teleportation {unknown}
Books
 a - a book of Air

   Spells                             Type                      Level
   a - Shock                          Conjuration/Air              1
   b - Swiftness                      Charms/Air                   2
   c - Repel Missiles                 Charms/Air                   2
   d - Static Discharge               Conjuration/Air              3
   e - Lightning Bolt                 Conjuration/Air              5
Comestibles
 b - 2 bread rations
 h - a slice of pizza
 i - a chunk of flesh


   Skills:
 - Level 1.7 Dodging
 - Level 1.7 Stealth
 - Level 2.0 Spellcasting
 - Level 1.0 Conjurations
 + Level 4.4 Air Magic


You had 5 spell levels left.
You knew the following spells:

 Your Spells              Type           Power        Failure   Level  Hunger
a - Shock                 Conj/Air       ##..         10%         1    #......


Dungeon Overview and Level Annotations

Branches:
Dungeon (2/15)

Altars:
Gozag

Annotations:
D:2 Natasha


Innate Abilities, Weirdness & Mutations

Your plain brown scales are hard (AC +5).
Your body does not fit into most forms of armour.
You are cold-blooded and may be slowed by cold attacks.


Message History

Natasha casts a spell at you.
You feel as though you will be slow longer.
Natasha mumbles some strange words.
The crimson imp closely misses you.
You closely miss Natasha.
Your tail-slap misses Natasha.
Natasha is severely wounded.
Natasha misses you. The crimson imp misses you.
The shadow imp barely misses you.
Natasha growls.
Natasha claws you but does no damage. The crimson imp hits you.
You closely miss Natasha.
Natasha is severely wounded.
The shadow imp summons a swarm of flies.
The shadow imp barely misses you. Natasha claws you.
* * * LOW HITPOINT WARNING * * *
The crimson imp barely misses you. The shadow imp gestures at you.
Pain shoots through your body!
Ouch! That really hurt!
You die...

....# ....# # ....##.##
........# ........#
........# #
........##########.#
...............5.#.#.#..
.........).....h@......<
..........######5#.#####
...(......# #.# ..
..........######.#####
....................#
.............###.##.#
.............# #... #
.............# #####
#.####......##


You could see Natasha, a crimson imp and a shadow imp.

Vanquished Creatures
  An adder (D:2)
  A giant gecko (D:2)
  A ball python (D:1)
  A giant cockroach (D:1)
  3 hobgoblins (D:1)
  A bat (D:2)
  A giant newt (D:1)
  3 goblins (D:1)
  4 jackals (D:1)
  7 kobolds
  3 rats
26 creatures vanquished.

Notes
Turn   | Place    | Note
--------------------------------------------------------------
     0 | D:1      | Jerry the Draconian Air Elementalist began the quest for the Orb.
     0 | D:1      | Reached XP level 1. HP: 14/14 MP: 3/3
   210 | D:1      | Reached XP level 2. HP: 20/20 MP: 0/5
   931 | D:1      | Reached skill level 4 in Air Magic
  1084 | D:2      | Found an opulent altar of Gozag.
  1141 | D:2      | Reached XP level 3. HP: 22/26 MP: 0/6
  1291 | D:2      | Noticed Natasha
  1301 | D:2      | Killed from afar by a shadow imp

Action                   || total
-------------------------++-------
Melee: Club              ||    13
       Unarmed           ||     2
 Cast: Shock             ||    58
  Eat: Chunk             ||     2
